 Dungeon Crawl Stone Soup version 0.26-a0-851-g735459dd53 (webtiles) character file.

Game seed: 13555412509474338105

89 James the Digger (level 4, -7/28 HPs)
             Began as an Octopode Earth Elementalist on Nov 21, 2020.
             Was an Initiate of Makhleb.
             Killed from afar by a white imp (10 damage)
             ... with a puff of frost
             ... on level 2 of the Dungeon.
             The game lasted 00:07:17 (2028 turns).

James the Digger (Octopode Earth Elementalist)      Turns: 2028, Time: 00:07:17

Health: -7/28      AC:  1    Str:  7    XL:     4   Next: 55%
Magic:  6/8        EV: 13    Int: 18    God:    Makhleb [......]
Gold:   95         SH:  0    Dex: 12    Spells: 8/9 levels left

rFire    . . .     SeeInvis .   (no weapon)
rCold    . . .     Faith    .   (no shield)
rNeg     . . .     Spirit   .   (helmet restricted)
rPois    .         Reflect  .   (no amulet)
rElec    .         Harm     .   (no ring)
rCorr    .         Rampage  .   (no ring)
MR       .....                  (no ring)
Stlth    +++.......             (no ring)
HPRegen  0.09/turn              (no ring)
MPRegen  0.11/turn              (no ring)
                                (no ring)
                                (no ring)

@: no status effects
A: almost no armour, stealthy swim, amphibious, 8 rings, constrict 8, camouflage
1, gelatinous body 1
a: Renounce Religion


You were on level 2 of the Dungeon.
You worshipped Makhleb.
Makhleb was noncommittal.
You visited 1 branch of the dungeon, and saw 2 of its levels.

You collected 95 gold pieces.

Inventory:

Hand Weapons
 e - a +0 dagger
   (You took it off a kobold on level 1 of the Dungeon)
 g - a +0 hunting sling
   (You found it on level 1 of the Dungeon)
Missiles
 b - 69 stones (quivered)
 h - 2 throwing nets {!f}
 k - 18 sling bullets
Scrolls
 a - a scroll of enchant armour {unknown}
 c - a scroll of blinking {unknown}
 f - a scroll of teleportation {unknown}
 l - a scroll of fog {unknown}
 m - a scroll of fear {unknown}
Potions
 d - 2 potions of heal wounds {unknown}
 i - a potion of curing {unknown}
 j - a potion of berserk rage {unknown}


   Skills:
 + Level 1.4 Fighting
 + Level 2.5 Dodging
 - Level 2.6 Stealth
 * Level 3.0 Spellcasting
 - Level 1.0 Transmutations
 * Level 3.8 Earth Magic


You had 8 spell levels left.
You knew the following spells:

 Your Spells              Type           Power        Failure   Level
a - Sandblast             Erth           ###...       3%          1

Your spell library contained the following spells:

 Spells                   Type           Power        Failure   Level
 Passwall                 Tmut/Erth      ##......     9%          2
 Stone Arrow              Conj/Erth      #.....       22%         3
 Petrify                  Tmut/Erth      ##......     52%         4
 Lee's Rapid Deconstruct  Erth           ###.......   67%         5


Dungeon Overview and Level Annotations

Branches:
Dungeon (2/15)

Altars:
Makhleb


Innate Abilities, Weirdness & Mutations

You cannot wear most types of armour.
You are very stealthy in the water. (Stealth+)
You are amphibious.
You can wear up to eight rings at the same time.
You can use your tentacles to constrict eight enemies at once.
Your skin changes colour to match your surroundings (Stealth+).
Your rubbery body absorbs attacks. (AC +1, EV +1)


Message History

You tentacle-slap the crimson imp. You constrict the crimson imp.
The crimson imp shouts, "Leave, thou unmuzzled fool-born bandersnitch!"
The crimson imp hits you.
You tentacle-slap the crimson imp but do no damage.
You constrict the crimson imp.
The crimson imp disappears for a moment.
The crimson imp misses you.
You barely miss the crimson imp. You constrict the crimson imp.
The crimson imp hits you.
* * * LOW HITPOINT WARNING * * *
Aim: a crimson imp (severely wounded, constricted by you)
The blast of sand hits the crimson imp!
You kill the crimson imp!
b - 71 stones You have reached level 4!
There is a burning altar of Makhleb here.
You curl up in front of the altar of Makhleb.
Makhleb welcomes you!
There is an open door here.
You see here a +0 dagger.
A bat comes into view.
The bat barely misses you.
You closely miss the bat. You grab the bat. You squeeze the bat.
You kill the bat!
Makhleb accepts your kill.
Your Spellcasting skill increases to level 3!
Okay, then.
A white imp comes into view.
Aim: a white imp The blast of sand hits the white imp.
b - 70 stones The white imp gestures at you.
The puff of frost hits you.
You closely miss the white imp. You grab the white imp.
You constrict the white imp. The white imp gestures at you.
The puff of frost hits you!
* * * LOW HITPOINT WARNING * * *
You tentacle-slap the white imp but do no damage.
You constrict the white imp, but do no damage.
The white imp gestures at you. The puff of frost hits you!
* * * LOW HITPOINT WARNING * * *
Aim: a white imp (moderately wounded, constricted by you)
The blast of sand hits the white imp.
b - 69 stones You constrict the white imp, but do no damage.
The white imp gestures at you. The puff of frost hits you!
You die...

.. .. ... ################ ....
......5@.......#
....###################.#
...........†..#####.###.#
##+##..######.........#.# #..#
#............#.# #.##
#.##.........#.# #####.##
#.##.#######.#.#
.....†.###.##......<#.#.#########
######..##.##.........#.#........


You could see a white imp.

Vanquished Creatures
  A crimson imp (D:2)
  An adder (D:2)
  An ooze (D:1)
  2 dart slugs
  3 leopard geckos
  A ball python (D:1)
  4 bats (D:2)
  2 giant cockroaches (D:2)
  5 hobgoblins
  4 jackals (D:2)
  3 kobolds
  A quokka (D:2)
  3 goblins
31 creatures vanquished.

Vanquished Creatures (others)
  2 plants (D:1)
2 creatures vanquished.

Grand Total: 33 creatures vanquished

Notes
Turn   | Place    | Note
-------+----------+-------------------------------------------
     0 | D:1      | James the Octopode Earth Elementalist began the quest for
                  | the Orb.
     0 | D:1      | Reached XP level 1. HP: 11/11 MP: 3/3
   281 | D:1      | Reached XP level 2. HP: 5/17 MP: 5/5
  1016 | D:2      | Reached skill level 1 in Fighting
  1016 | D:2      | Reached XP level 3. HP: 14/23 MP: 3/6
  1781 | D:2      | Found a burning altar of Makhleb.
  1800 | D:2      | Reached XP level 4. HP: 11/28 MP: 5/8
  1803 | D:2      | Became a worshipper of Makhleb the Destroyer
  2028 | D:2      | Killed from afar by a white imp

Illustrated notes

Levels and vault maps discovered:
D:1:      elethiomel_arrival_infinity_welcomes_careful_drivers, layout_rooms,
          serial_bayou, serial_bayou_pond_c, serial_bayou_ford_a,
          serial_bayou_pond_a, serial_bayou_pond_e, serial_bayou_pond_c,
          serial_bayou_pond_c
D:2:      kennysheep_big_flooded_room, layout_basic,
          chequers_temple_overflow_statue_of_worship, makhleb_grotto_becter,
          chequers_ecumenical_altar_simple_redux

Skill      XL: |  1  2  3  4 |
---------------+-------------+-----
Fighting       | 1 |  1.4
Spellcasting   | 3 |  3.0
Dodging        | |  2.5
Stealth        | |  2.6
Transmutations | |  1.0
Earth Magic    | |  3.8

Action                   |  1- 3 |  4- 6 || total
-------------------------+-------+-------++-------
Melee: Unarmed           |   110 |     3 ||   113
       Constrict         |    30 |     2 ||    32
       Tentacles         |    16 |     1 ||    17
 Cast: Sandblast         |     8 |     2 ||    10
 Stab: Sleeping          |     1 |       ||     1
Armor: Skin              |    12 |       ||    12
Dodge: Dodged            |    80 |     1 ||    81

Table legend: (Time is in decaauts)
 A = Elapsed time spent in this place.
 B = Non-inter-level travel time spent in this place.
 C = Inter-level travel time spent in this place.
 D = Time resting spent in this place.
 E = Time spent auto-exploring this place.
 F = Levels seen in this place.
 G = Mean time per level.
                   A        B        C        D        E       F      G
               +--------+--------+--------+--------+--------+-----+--------+
         Total |   2027 |   1999 |     28 |    466 |    997 |   2 | 1013.5 |
       Dungeon |   2027 |   1999 |     28 |    466 |    997 |   2 | 1013.5 |
               +--------+--------+--------+--------+--------+-----+--------+

Top non-repeatable levels by time:
     D:2: 1031 daAuts
     D:1: 996 daAuts
